 Dungeon Crawl Stone Soup version 0.31.0-11-ge490571c62 (webtiles) character file.

Game seed: 5480363658411433099

12800 sentinel the Cleaver (level 11, -5/111 HPs)
             Began as an Oni Gladiator on Feb 4, 2024.
             Was an Elder of the Shining One.
             Slain by a guardian serpent (16 damage)
             ... on level 11 of the Dungeon.
             The game lasted 00:20:52 (8744 turns).

sentinel the Cleaver (Oni Gladiator)                Turns: 8744, Time: 00:20:52

Health: -5/111     AC: 15    Str: 24    XL:     11   Next: 99%
Magic:  19/19      EV: 10    Int:  9    God:    the Shining One [****..]
Gold:   115        SH:  0    Dex: 10    Spells: 10/10 levels left

rFire   . . .        a - +2 war axe (protect)
rCold   . . .        (no shield)
rNeg    + + .        t - +2 robe {Will+}
rPois   .            c - +0 hat
rElec   .            F - +1 cloak
rCorr   .            (gloves unavailable)
SInv    .            (boots unavailable)
Will    ++...        (no amulet)
Stlth   +            G - +4 ring of protection
HPRegen 0.38/turn    p - +4 ring of protection
MPRegen 0.16/turn

%: no passive effects
@: attractive, hasted, glowing, invisible (but backlit and visible), very quick
A: large, unfitting armour, horns 1, tough skin 1, double potion healing,
drunken brawling
a: Renounce Religion, Divine Shield, Cleansing Flame


You were on level 11 of the Dungeon.
You worshipped the Shining One.
The Shining One was greatly pleased with you.
You visited 2 branches of the dungeon, and saw 12 of its levels.

You collected 827 gold pieces.
You spent 712 gold pieces at shops.

Inventory:

Hand Weapons
 a - a +2 war axe of protection (weapon)
 g - the +3 mace of Checks and Balances {flame, ^Fragile rElec rPois rCorr}
   (You found it on level 3 of the Dungeon)

   rElec:     It insulates you from electricity.
   rPois:     It protects you from poison rCorr: It protects you from acid and
   corrosion.
   ^Fragile:  It will be destroyed if unequipped.
 y - a +2 eveningstar of draining
 A - a +5 great sword of freezing
Armour
 b - a +0 robe
 c - a +0 hat (worn)
 m - a +0 cloak
 t - a +2 robe of willpower (worn)
 x - a +2 robe of cold resistance
 B - +0 steam dragon scales
 F - a +1 cloak (worn)
Jewellery
 k - a ring of resist corrosion
 p - a +4 ring of protection (right hand)
 G - a +4 ring of protection (left hand)
Wands
 s - a wand of polymorph (21)
 I - a wand of roots (2)
Scrolls
 f - 3 scrolls of fog
 i - a scroll of revelation {unknown}
 j - 3 scrolls of immolation
 l - a scroll of amnesia
 o - a scroll of enchant weapon
 r - a scroll of identify
 v - a scroll of poison {unknown}
 z - 2 scrolls of blinking
 C - a scroll of silence {unknown}
Potions
 e - a potion of degeneration
 h - 2 potions of haste
 n - a potion of cancellation
 q - a potion of curing
 w - a potion of berserk rage {unknown}
 E - a potion of brilliance {unknown}


   Skills:
 - Level 8.0 Fighting
 - Level 13.9 Axes
 - Level 2.0 Throwing
 - Level 2.6 Dodging
 + Level 11.9 Invocations
 - Level 5.0 Evocations


You had 10 spell levels left.
You didn't know any spells.
Your spell library contained the following spells:

 Spells                   Type           Power      Damage    Failure   Level
 Shock                    Conj/Air       0%         1d3       38%         1
 Slow                     Hex            0%         N/A       38%         1
 Call Imp                 Summ           0%         N/A       52%         2
 Sublimation of Blood     Necr           0%         N/A       52%         2
 Confusing Touch          Hex            0%         N/A       77%         3
 Sigil of Binding         Hex            0%         N/A       77%         3
 Swiftness                Air            0%         N/A       77%         3
 Vampiric Draining        Necr           0%         2d6       77%         3
 Airstrike                Air            0%         2d(0-16)  99%         4
 Summon Hydra             Summ           0%         N/A       100%        7


Dungeon Overview and Level Annotations

Branches:
Dungeon (11/15) Zot: 26767  Temple (1/1) D:7 Zot: 5969    Lair (0/5) D:11
    Orc: D:9-12

Altars:
Ashenzari
Cheibriados
Dithmenos
Elyvilon
Fedhas
Gozag
Hepliaklqana
Kikubaaqudgha
Makhleb
Nemelex Xobeh
Okawaru
Qazlal
Ru
Sif Muna
Trog
Uskayaw
Vehumet
Wu Jian
Xom
Yredelemnul
Zin
The Shining One

Shops:
D:1 *   D:2 (   D:9 ?


Innate Abilities, Weirdness & Mutations

You are too large for most types of armour.
You have a pair of small horns on your head.
You have tough skin. (AC +1)
You gain doubled healing and magic from potions.
Whenever you drink a healing potion, you attack all around you.


Message History

The troll barely misses you.
The troll claws you but does no damage. x2
You slash the troll!
The troll is heavily wounded.
The troll barely misses you. The troll claws you but does no damage.
The troll closely misses you.
You slash the troll!
The troll is almost dead.
You slice the troll!!
You kill the troll!
No target in view!
No target in view!
No target in view!
No target in view!
No target in view!
Found 22 gold pieces.
You now have 115 gold pieces (gained 22).
A meliai simulacrum and an orc knight come into view.
The orc knight is wielding a +0 battleaxe and wearing a +1 chain mail of poison resistance.
Aiming: Paralyse
Press: ? - help, Shift-Dir - straight line, f - meliai simulacrum
Aim: a meliai simulacrum (haloed, chance to affect: 71%)
The meliai simulacrum suddenly stops moving!
A centaur warrior comes into view.
The centaur warrior shouts!
The centaur warrior wields a +0 shortbow.
The centaur warrior shoots an arrow.
The arrow barely misses you.
The centaur warrior shoots an arrow.
The arrow barely misses you.
The centaur warrior shoots an arrow.
The arrow hits you!
You hit the centaur warrior.
Your weapon exudes an aura of protection.
You headbutt the centaur warrior, but do no damage.
The centaur warrior is lightly wounded.
The centaur warrior unwields a +0 shortbow.
The centaur warrior hits you but does no damage.
The centaur warrior closely misses you.
The centaur warrior hits you but does no damage.
The centaur warrior kicks you but does no damage.
The centaur warrior hits you but does no damage.
The centaur warrior kicks you but does no damage.
You slash the centaur warrior!
You headbutt the centaur warrior, but do no damage.
The centaur warrior is moderately wounded.
The centaur warrior misses you.
The centaur warrior kicks you but does no damage.
You hit the centaur warrior.
The centaur warrior is moderately wounded.
The centaur warrior hits you but does no damage.
The centaur warrior kicks you.
The centaur warrior hits you but does no damage.
The centaur warrior kicks you but does no damage.
The centaur warrior hits you!
The centaur warrior kicks you but does no damage.
Aiming: Fastroot
Press: ? - help, Shift-Dir - straight line, f/p - meliai simulacrum
Aim: a meliai simulacrum (haloed)
The roots erupt in riotous growth!
Roots grab the meliai simulacrum.
Roots grab the centaur warrior.
The grasping roots constrict the centaur warrior.
The grasping roots constrict the meliai simulacrum.
You hear a howl!
The centaur warrior hits you!
The centaur warrior completely misses you.
The meliai simulacrum hits you but does no damage.
The meliai simulacrum closely misses you.
You slash the centaur warrior!
The centaur warrior is heavily wounded.
You hit the meliai simulacrum.
The grasping roots constrict the centaur warrior.
The grasping roots constrict the meliai simulacrum.
The meliai simulacrum closely misses you.
The meliai simulacrum barely misses you.
The centaur warrior hits you.
The centaur warrior kicks you but does no damage.
The meliai simulacrum closely misses you.
The meliai simulacrum hits you but does no damage.
The centaur warrior hits you!
The centaur warrior kicks you but does no damage.
You slash the meliai simulacrum!
The meliai simulacrum vaporises!
The Shining One accepts your kill.
You feel better.
You hit the centaur warrior.
The grasping roots constrict the centaur warrior.
The centaur warrior hits you but does no damage.
The centaur warrior kicks you.
You hit the centaur warrior.
The centaur warrior is severely wounded.
The grasping roots constrict the centaur warrior.
The roots release their grip on the centaur warrior.
The centaur warrior hits you but does no damage.
The centaur warrior kicks you but does no damage.
You slash the centaur warrior!
The centaur warrior is almost dead.
The centaur warrior hits you but does no damage.
The centaur warrior kicks you.
You slice the centaur warrior!!
You kill the centaur warrior!
Aiming: Paralyse
Press: ? - help, Shift-Dir - straight line, f - orc knight
Aim: an orc knight, wielding a +0 battleaxe and wearing a +1 chain mail of poison resistance (haloed, chance to affect: 44%)
Okay, then.
Aiming: Polymorph
Press: ? - help, Shift-Dir - straight line, f - orc knight
Aim: an orc knight, wielding a +0 battleaxe and wearing a +1 chain mail of poison resistance (haloed, will become a guardian serpent, an elephant, or a cyclops, chance to affect: 44%)
The orc knight evaporates and reforms as a guardian serpent!
The guardian serpent coils itself and waves its upper body at you.
The bolt of poison hits you!
You are poisoned.
You feel very sick. The guardian serpent hits you.
The guardian serpent hits you!
Things that are here:
a +0 shortbow; a centaur corpse You barely miss the guardian serpent.
Your headbutt misses the guardian serpent.
You feel sick.
The guardian serpent casts a spell at you.
The bolt of poison hits you!
You are more poisoned.
* * * LOW HITPOINT WARNING * * *
You take a swig of the potion and twirl your +2 war axe of protection.
You slash the guardian serpent!
Your headbutt misses the guardian serpent.
The guardian serpent is moderately wounded.
You savour every drop.
You feel better. The guardian serpent barely misses you.
Okay, then.
Aiming: Paralyse
Press: ? - help, Shift-Dir - straight line, f/p - guardian serpent
Aim: a guardian serpent (moderately wounded, haloed, chance to affect: 27%)
The guardian serpent easily resists.
The now-empty wand crumbles to dust.
The guardian serpent hits you!
* * * LOW HITPOINT WARNING * * *
The guardian serpent hits you.
* * * LOW HITPOINT WARNING * * *
Okay, then.
Okay, then.
Okay, then.
You feel yourself speed up. The guardian serpent barely misses you.
As you read the scroll of fear, it crumbles to dust.
You assume a fearsome visage.
The guardian serpent easily resists.
The guardian serpent hits you but does no damage.
Okay, then.
It was a potion of attraction.
You feel attractive to monsters.
The guardian serpent coils itself and waves its upper body at you.
The bolt of poison misses you.
It was a potion of invisibility.
You become transparent, but the glow from your halo prevents you from becoming completely invisible.
The guardian serpent hits you!
* * * LOW HITPOINT WARNING * * *
The guardian serpent hits you!
You die...

#...... .#....
### #.... ...
#... ..# ##.#
###...#
###.....#
###..@..#
###...S.### .##
###.....###
...#####.....###
...#.....#.#
......# #.# #..#
##.## ########
#.####...#####.
........
#.Z............
........


You could see a guardian serpent.

Vanquished Creatures
  Josephine (D:10)
  A catoblepas (D:9)
  Erica (D:10)
  A centaur warrior (D:11)
  A two-headed ogre (D:8)
  Maurice (D:8)
  An elephant (D:11)
  A gargoyle (D:10)
  An unseen horror (D:11)
  A rime drake (D:8)
  A komodo dragon (D:10)
  Maggie (D:10)
  2 trolls
  3 hornets
  6 yaks
  6 wraiths
  3 wyverns
  4 vampire mosquitoes (D:10)
  3 basilisks
  2 steam dragons (D:8)
  A water moccasin (D:7)
  A meliai simulacrum (D:11)
  3 orc warriors
  An ice beast (D:7)
  6 centaurs
  2 phantoms
  A gnoll sergeant (D:7)
  4 bullfrogs
  2 scorpions (D:5)
  13 wights
  3 killer bees (D:8)
  2 jellies (D:3)
  A hound (D:5)
  2 bombardier beetles (D:6)
  9 orc priests
  An iguana (D:7)
  8 orc wizards
  5 gnolls (D:7)
  11 adders
  A shadow imp (D:6)
  A white imp (D:5)
  4 ufetubi (D:6)
  4 dart slugs
  2 ribbon worms
  24 orcs
  9 ball pythons
  12 bats
  19 endoplasms
  6 giant cockroaches
  4 goblins
  11 hobgoblins
  6 jackals
  12 kobolds
  8 quokkas
  6 frilled lizards
  4 rats
  A spectral hobgoblin (D:5)
251 creatures vanquished.

Notes
Turn   | Place    | Note
-------+----------+-------------------------------------------
     0 | D:1      | sentinel the Oni Gladiator began the quest for the Orb.
     0 | D:1      | Reached XP level 1. HP: 22/22 MP: 1/1
    93 | D:1      | Found Liror's Assorted Antiques.
   117 | D:1      | Reached XP level 2. HP: 27/29 MP: 2/2
   340 | D:1      | Reached skill level 4 in Axes
   351 | D:1      | Reached XP level 3. HP: 36/36 MP: 3/3
   489 | D:1      | Found a faded altar of an unknown god.
   835 | D:2      | Found Kicw's Antique Weapon Boutique.
   937 | D:2      | Reached XP level 4. HP: 29/44 MP: 4/4
  1145 | D:2      | Reached skill level 5 in Axes
  1256 | D:3      | You fall into a shaft and drop 3 floors!
  1338 | D:5      | Entered Level 5 of the Dungeon
  1355 | D:5      | Noticed a phantom
  1366 | D:5      | Killed a phantom
  1367 | D:5      | Reached XP level 5. HP: 46/50 MP: 5/5
  1371 | D:5      | Reached skill level 6 in Axes
  1405 | D:5      | Reached XP level 6. HP: 53/59 MP: 6/6
  1537 | D:3      | Found a blossoming altar of Fedhas.
  1625 | D:3      | Identified the +3 mace of Checks and Balances {flame,
                  | ^Fragile rElec rPois rCorr}
  1812 | D:3      | Reached skill level 7 in Axes
  2363 | D:3      | Found a sparkling altar of Nemelex Xobeh.
  2363 | D:3      | Found a snail-covered altar of Cheibriados.
  2363 | D:3      | Found a shimmering blue altar of Sif Muna.
  2363 | D:3      | Found a white marble altar of Elyvilon.
  2363 | D:3      | Found a bloodstained altar of Trog.
  2363 | D:3      | Found an ornate altar of the Wu Jian Council.
  2380 | D:3      | Reached XP level 7. HP: 49/66 MP: 7/7
  2398 | D:3      | Became a worshipper of Elyvilon the Healer
  2556 | D:4      | Reached skill level 8 in Axes
  2562 | D:4      | Found a shimmering blue altar of Sif Muna.
  2945 | D:4      | Reached * piety under Elyvilon
  3099 | D:5      | Found an opulent altar of Gozag.
  3697 | D:5      | Found a hazy altar of Hepliaklqana.
  3761 | D:6      | Reached ** piety under Elyvilon
  4010 | D:5      | Reached skill level 9 in Axes
  4118 | D:6      | Reached XP level 8. HP: 67/74 MP: 8/8
  4207 | D:2      | Bought a runed eveningstar for 414 gold pieces
  4374 | D:6      | Reached skill level 10 in Axes
  4722 | D:7      | Reached *** piety under Elyvilon
  4879 | D:7      | Reached skill level 11 in Axes
  5133 | D:7      | Found a staircase to the Ecumenical Temple.
  5160 | Temple   | Entered the Ecumenical Temple
  5175 | Temple   | Fell from the grace of Elyvilon
  5175 | Temple   | Became a worshipper of the Shining One
  5175 | Temple   | Reached * piety under the Shining One
  5242 | D:7      | Noticed a wraith
  5256 | D:7      | Killed a wraith
  5257 | D:7      | Reached XP level 9. HP: 61/80 MP: 9/9
  5270 | D:7      | Reached skill level 12 in Axes
  5427 | D:7      | Found a shimmering altar of Xom.
  5431 | D:7      | Found a bloodstained altar of Trog.
  5431 | D:7      | Found a broken altar of Ashenzari.
  5438 | D:7      | Found a sacrificial altar of Ru.
  5441 | D:7      | Found a basalt altar of Yredelemnul.
  6063 | D:8      | Noticed a hornet
  6065 | D:8      | Paralysed by a hornet for 3 turns
  6070 | D:8      | HP: 2/80 [hornet (12)]
  6071 | D:8      | Noticed a two-headed ogre
  6084 | D:8      | Killed a two-headed ogre
  6085 | D:8      | Reached skill level 13 in Axes
  6159 | D:8      | a hornet changed into a rime drake
  6159 | D:8      | Noticed a rime drake
  6167 | D:8      | Killed a rime drake
  6168 | D:8      | Reached XP level 10. HP: 49/88 MP: 10/10
  6212 | D:8      | Noticed Maurice
  6225 | D:8      | Killed Maurice
  6355 | D:9      | Found Cisoefan's Magic Scroll Emporium.
  6358 | D:9      | Bought a scroll of fear for 52 gold pieces
  6358 | D:9      | Bought a scroll of blinking for 97 gold pieces
  6358 | D:9      | Bought a scroll of fog for 52 gold pieces
  6360 | D:9      | Reached ** piety under the Shining One
  6371 | D:9      | Reached skill level 5 in Invocations
  6699 | D:9      | Bought a scroll of blinking for 97 gold pieces
  6914 | D:9      | Found a snail-covered altar of Cheibriados.
  7163 | D:9      | Noticed a catoblepas
  7165 | D:9      | Reached *** piety under the Shining One
  7244 | D:9      | Killed a catoblepas
  7248 | D:9      | Reached skill level 5 in Fighting
  7372 | D:10     | Entered Level 10 of the Dungeon
  7461 | D:10     | Reached XP level 11. HP: 76/105 MP: 16/18
  7729 | D:10     | Reached skill level 10 in Invocations
  7760 | D:10     | Noticed Josephine
  7779 | D:10     | Killed Josephine
  7780 | D:10     | Reached skill level 1 in Evocations
  7818 | D:10     | Reached **** piety under the Shining One
  7988 | D:10     | Found an ancient bone altar of Kikubaaqudgha.
  8023 | D:10     | Noticed Erica
  8033 | D:10     | Killed Erica
  8070 | D:10     | Found a hide-covered altar of Uskayaw.
  8072 | D:10     | Noticed Maggie
  8086 | D:10     | Killed Maggie
  8565 | D:11     | Reached skill level 5 in Evocations
  8594 | D:11     | Found a staircase to the Lair.
  8712 | D:11     | Noticed an orc knight
  8721 | D:11     | Noticed a centaur warrior
  8735 | D:11     | Killed a centaur warrior
  8736 | D:11     | an orc knight changed into a guardian serpent
  8744 | D:11     | Slain by a guardian serpent

Illustrated notes

Levels and vault maps discovered:
D:1:      lightli_iron_boxes, layout_rooms, serial_glass, glass_columns_a,
          glass_columns_a, due_unseen_surprise, item_on_display_a,
          feat_on_display, feat_on_display, hellmonk_ecumenical_altar_blasted,
          serial_shops, nicolae_shop_stone
D:2:      layout_basic, serial_shops, shop
D:3:      cheibrodos_fertilizer, layout_basic, fedhas_altar_1,
          grunt_ministairs_11, chequers_serial_rivers_small_3,
          hangedman_decor_points
D:4:      layout_basic, nicolae_overflow_crystal_walls, serial_aquarium,
          aquarium_bridge_straight [aquarium_subvault_bridge,
          aquarium_subvault_balcony, aquarium_subvault_bridge,
          aquarium_subvault_window], aquarium_window_1, aquarium_window_double,
          aquarium_view_2d, nicolae_elevator_lobby_asterisk
D:5:      layout_loops_ring, nicolae_hepliaklqana_monster_ancestors,
          grunt_gozag_statues
D:6:      layout_loops_corners
D:7:      layout_gridville, minmay_overflow_temple_star_hex,
          minmay_temple_entry_drinking_statues, minmay_misc_feat_four_crosses
D:8:      layout_basic, uniq_maurice
D:9:      layout_basic, kennysheep_little_box, nicolae_stop_n_shop_2,
          grunt_decor_arrowhead, grunt_tough_drop
D:10:     layout_stronghold, old_standard_altar,
          mainiacjoe_overflow_small_starburst, uniq_erica, uniq_josephine,
          uniq_maggie
D:11:     minmay_diamond_stairs, layout_loops_ring, david_lair_generic,
          gammafunk_ghost_necromancy, nicolae_figureground_pulse
Temple:   nicolae_temple_bog_church

Skill      XL: |  1  2  3  4  5  6  7  8  9 10 11 |
---------------+----------------------------------+-----
Axes           | 4 5 6 7 9 11 13 | 13.9
Invocations    | 9 11 | 11.9
Fighting       | 6 8 |  8.0
Evocations     | 5 |  5.0
Throwing       | |  2.0
Dodging        | |  2.6

Action                     |  1- 3 |  4- 6 |  7- 9 | 10-12 || total
---------------------------+-------+-------+-------+-------++-------
  Melee: War axe           |    93 |   137 |   230 |   267 ||   727
         Headbutt          |    15 |    14 |    35 |    81 ||   145
         Punch             |       |       |     2 |     5 ||     7
  Throw: Throwing net      |       |       |     5 |     2 ||     7
  Evoke: Wand              |       |       |    14 |    29 ||    43
    Use: Scroll            |       |     6 |     7 |     3 ||    16
         Potion            |       |     2 |     3 |     6 ||    11
 Armour: Robe              |    63 |    96 |   239 |   271 ||   669
         Skin              |       |       |       |    14 ||    14
  Dodge: Dodged            |    48 |    79 |   151 |   128 ||   406
